Description

uThermal's mech TvT, updated to the current patch.

VOD

https://www.youtube.com/watch?v=IlIzSOHjbkI

Replay - uThermal's Mech TvT (patch 5-0-12)

Build Order

Get SALT Encoding   

  6  0:00  SCV  
  13  0:12  SCV  
  14  0:16  Supply Depot  
  14  0:24  SCV  
  15  0:38  SCV  
  15  0:39  Barracks  After SCV finishes barracks, use to scout one side of the map for proxy
  16  0:43  Refinery  
  16  0:50  SCV  
  16  0:52  Refinery  Rally 16th SCV to build this
  17  1:02  SCV  
  18  1:14  SCV  
  19  1:26  Orbital Command, Reaper  Scout other side for proxy
  19  1:28  Supply Depot  
  20  1:40  Factory  Leave 2 SCVs in each gas after starting this
  20  1:53  SCV  
  21  1:58  Reaper  
  22  2:05  SCV  
  23  2:18  SCV  
  24  2:23  Cyclone  
  24  2:29  Command Center  Rally SCV at 23 supply to natural
  26  2:36  Starport  
  27  2:42  Barracks Tech Lab  Switch starport onto this tech lab
  28  2:55  Factory Tech Lab  
  29  3:05  Supply Depot  
  30  3:17  Refinery  Rally SCV to build this gas after main is saturated
  31  3:26  Siege Tank  Seige next to natural CC
  35  3:36  Raven  
  37  3:42  Orbital Command  
  39  3:59  Command Center  Build in main
  39  4:01  Siege Tank  
  42  4:09  Refinery  4th gas
  43  4:14  Supply Depot  
  43  4:17  Raven  Also research interference matrix
  48  4:33  Siege Tank  
  52  4:42  Engineering Bay  
  54  4:48  Barracks Reactor  Switch starport onto this reactor after 3rd raven
  54  4:51  Raven  
  56  4:55  Supply Depot  
  58  5:05  Siege Tank  
  61  5:10  Orbital Command, Missile Turret  Edge of main
  64  5:22  Missile Turret  Edge of main
  65  5:31  Missile Turret  Edge of natural
  65  5:34  Viking  
  69  5:38  Orbital Command  
  71  5:52  Siege Tank, Viking  
  78  6:04  Refinery x2  
  81  6:16  Barracks Reactor  
  81  6:18  Factory x2  Build on tech lab left by starport, Switch onto reactor built by barracks
  82  6:19  Viking x2  
  82  6:24  Siege Tank  
  93  6:45  Armory x2  
  96  6:51  Viking x2  
  101  6:59  Siege Tank x2  
  111  7:17  Hellion x2  
  117  7:30  Viking  
  117  7:32  Hellion x2  
  124  7:40  Factory x2  
  141  8:05  Command Center  4th CC
Spawning Tool Build Advisor. Get it on Overwolf

Analysis

Since cyclones no longer need a tech lab, we should be pretty safe to build one as our first factory unit instead of a hellion. We can then go straight into seige tank and raven production off of 2 reapers and 1 cyclone, and should be safe once the first tank finishes.

Mech is very defensive until you reach a high supply. Against early 2-3 tank + marine/raven pushes you'll need to use your autoturrets to help defend since you won't have any marines. Spend extra minerals on missile turrets and later, more orbitals. Keep at least 1 tank seiged at each base at all times. Your main army will be slighly smaller, but it's entirely worth it.

Try to build add-ons with the barracks as indicated in the build notes, as it's more efficient, but don't sweat it if it's difficult to coordinate.

After the build completes, start building thors and liberators, along with a fusion core for liberator range. You only want about 10 seige tanks in your army.

Go to:

Details

  • Created by: flashandfoul
  • Published on: Feb 24, 2024
  • Modified on: Feb 25, 2024
  • Patch: 5.0.11
  • Difficulty: Hard
Show
View Real Time Build Order
Export as new Build Order

Comments (0)

There are no comments. Be the first!

Create an account to comment!